[Event "Norwegian Championship 2022"]
[Site "Kongsvinger, Norway"]
[Date "2022.07.08"]
[Round "1"]
[White " Østenstad, Berge"]
[Black "Hammer, Jon Ludvig"]
[Result "0-1"]
[Board "1"]
[TimeControl "40/5400+30:1800+30"]
[WhiteTitle "GM"]
[BlackTitle "GM"]
[WhiteFideId "1500058"]
[BlackFideId "1503707"]
[WhiteElo "2451"]
[BlackElo "2638"]

1. Nf3 g6 2. e4 c5 3. c4 Bg7 4. d4 cxd4 5. Nxd4 Nc6 6. Be3 Nf6 7. Nc3 d6 8. Be2 O-O 9. O-O Bd7 10.
Nc2 Rc8 11. f3 Be6 12. Qd2 Nd7 13. Rab1 f5 14. exf5 Bxf5 15. Rbc1 Qa5 16. Na3 Nc5 17. Rfd1 a6 18. Bf1 Rcd8 19.
Kh1 Kh8 20. Bh6 e5 21. Be3 Nd4 22. Nd5 Qxd2 23. Rxd2 h5 24. b4 Nce6 25. Bd3 Kh7 26. Nc2 Rc8 27. Bxd4 exd4 28. Bxf5 gxf5 29.
Re1 Rfe8 30. Na3 Nf4 31. Rxe8 Rxe8 32. Kg1 Nxd5 33. cxd5 Bh6 34. Rd1 Rc8 35. Kf1 Rc3 36. Nb1 Rc2 37.
Na3 Rc3 38. Nb1 Rc2 39. Na3 Rxa2 40. Nc4 Be3 41. Nxd6 Kg6 42. Nxb7 Kf6 43. Na5 Rf2+ 44. Ke1 Rxg2 45. Nc4 Rxh2 46.
Nxe3 dxe3 47. Rd3 f4 48. Ra3 Ke5 49. Rxa6 h4 50. d6 Ke6 51. d7+ Kxd7 52. Rh6 h3 53. b5 Rh1+ 54. Ke2 h2 0-1

[Event "Norwegian Championship 2022"]
[Site "Kongsvinger, Norway"]
[Date "2022.07.08"]
[Round "1"]
[White "Agdestein, Simen"]
[Black "Kaasen, Tor Fredrik"]
[Result "1-0"]
[Board "2"]
[TimeControl "40/5400+30:1800+30"]
[WhiteTitle "GM"]
[BlackTitle "IM"]
[WhiteFideId "1500015"]
[BlackFideId "1516647"]
[WhiteElo "2559"]
[BlackElo "2433"]

1. c4 g6 2. Nc3 c5 3. g3 Bg7 4. Bg2 Nc6 5. Nf3 Nf6 6. d4 d6 7. d5 Na5 8. Nd2 O-O 9. O-O e6 10.
Rb1 exd5 11. cxd5 Rb8 12. b4 cxb4 13. Rxb4 Bf5 14. Bb2 a6 15. Qa1 Re8 16. a4 Rc8 17. h3 h5 18. e4 Bd7 19.
Ncb1 b5 20. Na3 Nb7 21. axb5 Qa5 22. bxa6 Nc5 23. Bxf6 Bxf6 24. Qxf6 Qxb4 25. Nac4 Nb3 26. Nxd6 Nxd2 27. Qxf7+ Kh8 28.
Qxd7 Rf8 29. Nxc8 Nxf1 30. Qe7 Qxe7 31. Nxe7 Re8 32. d6 1-0

[Event "Norwegian Championship 2022"]
[Site "Kongsvinger, Norway"]
[Date "2022.07.08"]
[Round "1"]
[White "Djurhuus, Rune"]
[Black "Urkedal, Frode Olav Olsen"]
[Result "1/2-1/2"]
[Board "3"]
[TimeControl "40/5400+30:1800+30"]
[WhiteTitle "GM"]
[BlackTitle "GM"]
[WhiteFideId "1500082"]
[BlackFideId "1506102"]
[WhiteElo "2407"]
[BlackElo "2555"]

1. e4 e5 2. Nf3 Nc6 3. Bb5 a6 4. Ba4 Nf6 5. O-O Be7 6. d4 exd4 7. e5 Ne4 8. Nxd4 O-O 9. Nf5 d5 10.
exd6 Bxf5 11. dxe7 Nxe7 12. Bb3 Nc5 13. Nc3 Nxb3 14. Qxd8 Raxd8 15. cxb3 Nc6 16. Bf4 Rd7 17. Rfd1 Nd4 18.
f3 Rfd8 19. Kf2 f6 20. g4 Bc2 21. Rd2 Ne6 22. Rxd7 Rxd7 23. Be3 f5 24. Rc1 Bd3 25. Kg3 g5 26. gxf5 Bxf5 27. Rd1 Rxd1 28.
Nxd1 Kf7 29. Nc3 Kf6 30. b4 Bd3 31. Kg4 Kg6 32. Kg3 Kf5 33. a3 Bc4 34. Bd2 b6 35. Nd1 Bb3 36. Ne3+ Kg6 37.
Bc3 b5 38. Ng4 Bd5 39. Ne5+ Kf5 40. Nd3 c6 41. Nc5 Nxc5 42. bxc5 Bb3 43. Bd2 h5 44. h3 Bd1 45. Kf2 Bb3 46.
Kg3 Bc4 47. Be3 a5 48. Bd2 a4 49. Be3 Bf1 50. Bd2 Be2 51. Kf2 Bd1 52. Kg3 Bb3 1/2-1/2

[Event "Norwegian Championship 2022"]
[Site "Kongsvinger, Norway"]
[Date "2022.07.08"]
[Round "1"]
[White "Hauge, Lars Oskar"]
[Black "Tallaksen, Levi André"]
[Result "1-0"]
[TimeControl "40/5400+30:1800+30"]
[Board "4"]
[WhiteTitle "GM"]
[BlackTitle "FM"]
[WhiteFideId "1509276"]
[BlackFideId "1505785"]
[WhiteElo "2526"]
[BlackElo "2341"]

1. e4 e5 2. Nf3 Nc6 3. Bb5 a6 4. Ba4 Nf6 5. O-O Be7 6. d3 b5 7. Bb3 d6 8. Bd2 O-O 9. h3 Be6 10.
Nc3 d5 11. exd5 Nxd5 12. Re1 Bf6 13. Ne4 Re8 14. Nfg5 Bf5 15. Nxf6+ gxf6 16. Ne4 Nb6 17. Qh5 Bg6 18. Qh4 Nd7 19.
Bd5 Nd4 20. Bxa8 Qxa8 21. Rac1 Qc6 22. Ng3 Kh8 23. c3 Ne6 24. d4 Qd5 25. Bh6 Qxa2 26. dxe5 Qxb2 27. Red1 Ndc5 28. Qxf6+ Kg8 29.
Rd5 Nd3 30. Rd1 Qc2 31. Rd2 Qxc3 32. Kh2 b4 33. Nf5 Bxf5 34. Qxf5 Ndc5 35. Rd8 Ng7 36. Rxe8+ Nxe8 37. Qg5+ Kh8 38.
Qg7+ Nxg7 39. Rd8+ Ne8 40. Rxe8# 1-0

[Event "Norwegian Championship 2022"]
[Site "Kongsvinger, Norway"]
[Date "2022.07.08"]
[Round "1"]
[White "Vestby-Ellingsen, Mads"]
[Black "Østmoe, Geir Sune Tallaksen"]
[Result "0-1"]
[Board "5"]
[TimeControl "40/5400+30:1800+30"]
[WhiteTitle "IM"]
[BlackTitle "IM"]
[WhiteFideId "1520857"]
[BlackFideId "1502778"]
[WhiteElo "2351"]
[BlackElo "2483"]

1. d4 Nf6 2. c4 e6 3. Nf3 d5 4. g3 Bb4+ 5. Bd2 Bd6 6. Nc3 c6 7. Qc2 Nbd7 8. e4 dxe4 9. Nxe4 Nxe4 10.
Qxe4 Qe7 11. Bg2 O-O 12. O-O e5 13. Rfe1 f5 14. Qc2 e4 15. Bc3 Qf7 16. Nd2 Nf6 17. Rad1 Be6 18. b3 b5 19.
Bb2 Rae8 20. cxb5 cxb5 21. Qc6 Qd7 22. Qxd7 Bxd7 23. Rc1 Nd5 24. Nf1 g5 25. a3 b4 26. a4 Nc3 27. Nd2 Be6 28.
f3 e3 29. Bxc3 bxc3 30. Nc4 Bxc4 31. bxc4 Ba3 32. Rxc3 Bb4 33. Rexe3 Bxc3 34. Rxc3 Re1+ 35. Kf2 Rd1 36. d5 Rd2+ 37.
Kf1 Rb8 38. Rc1 Rbb2 39. Bh1 Rxh2 40. Kg1 Rhc2 41. Rd1 f4 42. gxf4 gxf4 43. d6 Rd2 44. Rxd2 Rxd2 45. c5 Rd5 46.
Bg2 Kf7 47. Bh3 Rxc5 48. d7 Ke7 0-1

[Event "Norwegian Championship 2022"]
[Site "Kongsvinger, Norway"]
[Date "2022.07.08"]
[Round "1"]
[White "Abdrlauf, Elham"]
[Black "Stanford, Maxim Barth"]
[Result "1-0"]
[Board "6"]
[TimeControl "40/5400+30:1800+30"]
[WhiteTitle "FM"]
[BlackTitle "IM"]
[WhiteFideId "1533533"]
[BlackFideId "408280"]
[WhiteElo "2466"]
[BlackElo "2308"]

1. e4 c5 2. c3 Nf6 3. e5 Nd5 4. Nf3 Nc6 5. Bc4 Nb6 6. Bb3 c4 7. Bc2 Qc7 8. O-O Nxe5 9. Nxe5 Qxe5 10.
Re1 Qc7 11. a4 e6 12. Na3 a6 13. d4 d5 14. Qf3 Be7 15. a5 Nd7 16. Bf4 Bd6 17. Bg5 Nf6 18. Bxf6 gxf6 19. Qxd5 Bxh2+ 20. Kh1 h5 21. Nxc4 Bd7 22. Nb6 Bc6 23. Nxa8 Qf4 24. Ba4 Bxa4 25. Rxa4 Qxf2 26. Rxe6+ fxe6 27. Qxe6+ Kf8 28. Kxh2 Rg8 29.
Qc8+ Kg7 30. Qxb7+ Kh6 31. Qf3 Qh4+ 32. Kg1 Rxa8 33. Ra1 Re8 34. Qf2 Qg5 35. Rd1 Re4 36. Qd2 Rf4 37. d5 Kg7 38.
Qe2 h4 39. Rd3 Qf5 40. d6 Qc5+ 41. Qe3 Qf5 42. d7 Rf1+ 43. Kh2 1-0

[Event "Norwegian Championship 2022"]
[Site "Kongsvinger, Norway"]
[Date "2022.07.08"]
[Round "1"]
[White "Sjøberg, Isak"]
[Black "Elsness, Frode"]
[Result "0-1"]
[Board "7"]
[TimeControl "40/5400+30:1800+30"]
[WhiteTitle "FM"]
[BlackTitle "IM"]
[WhiteFideId "1521640"]
[BlackFideId "1501100"]
[WhiteElo "2308"]
[BlackElo "2464"]

1. e4 e5 2. Nf3 Nc6 3. Nc3 Nf6 4. d4 exd4 5. Nxd4 Bb4 6. Nxc6 bxc6 7. Bd3 O-O 8. O-O d5 9. exd5 cxd5 10.
Bg5 c6 11. Qf3 h6 12. Bxf6 Qxf6 13. Qxf6 gxf6 14. Ne2 Rb8 15. b3 Re8 16. Rad1 Bg4 17. f3 Bd7 18. c4 Re5 19. Ng3 Rd8 20.
f4 Re3 21. Be2 d4 22. Rf3 Rde8 23. Rxe3 Rxe3 24. Kf1 c5 25. Rd3 Re6 26. Kf2 Ra6 27. a4 Kf8 28. Rd1 Rb6 29. Bd3 Bc3 30.
Rb1 Bb4 31. f5 Bd2 32. Nh5 Ke7 33. g4 Bc6 34. Ke2 Bg5 35. Ng3 Bf4 36. Kf2 Kd6 37. Ne4+ Bxe4 38. Bxe4 Bxh2 39. Kf3 Rb8 40.
Rb2 Bg1 41. Rb1 Be3 42. Bd5 Bg5 43. Be4 Re8 44. Rd1 Rh8 45. Rh1 Kc7 46. Ke2 Re8 47. Kd3 Rb8 48. Rb1 Be3 49. Rb2 Kd6 50.
a5 Ke5 51. Bf3 Kf4 52. Bd1 Kg3 53. a6 Kf4 54. Ra2 Rb6 55. Ra5 Rc6 56. Be2 Rb6 57. Bd1 Rc6 58. Be2 Bc1 59. Ra1 Bb2 60.
Rf1+ Ke5 61. Rh1 Rxa6 62. Rxh6 Bc3 63. Bd1 Ra1 64. Rh1 Kf4 65. Kc2 Ra2+ 66. Kb1 Rb2+ 67. Kc1 d3 0-1

[Event "Norwegian Championship 2022"]
[Site "Kongsvinger, Norway"]
[Date "2022.07.09"]
[Round "2"]
[White "Hammer, Jon Ludvig"]
[Black "Abdrlauf, Elham"]
[Result "1-0"]
[Board "1"]
[TimeControl "40/5400+30:1800+30"]
[WhiteTitle "GM"]
[BlackTitle "FM"]
[WhiteFideId "1503707"]
[BlackFideId "1533533"]
[WhiteElo "2638"]
[BlackElo "2466"]

1. e4 c6 2. d4 d5 3. e5 c5 4. Nf3 cxd4 5. Nxd4 Nc6 6. Nxc6 bxc6 7. Bd3 e6 8. O-O Ne7 9. Nd2 a5 10.
c4 Ng6 11. Nf3 Be7 12. g3 O-O 13. h4 f5 14. h5 Nh8 15. cxd5 cxd5 16. Be3 Nf7 17. Rc1 Bd7 18. Qe2 Qb8 19.
Bd4 Nh6 20. Rc3 Rc8 21. Rfc1 Qb7 22. Nh2 Bb4 23. R3c2 Rxc2 24. Rxc2 Rc8 25. g4 Rxc2 26. Qxc2 Qc6 27. Qxc6 Bxc6 28.
g5 Nf7 29. a3 Bd2 30. g6 hxg6 31. Nf3 Bf4 32. hxg6 Nh8 33. b4 axb4 34. axb4 Bb7 35. Nh4 Bg5 36. Nxf5 exf5 37. Bxf5 Kf8 38.
b5 Ke7 39. Kg2 Kd8 40. Kg3 Be7 41. Kg4 Bb4 42. f4 Bd2 43. Bd3 Bc8+ 44. Kg3 Bd7 45. b6 Bb5 46. Bxb5 Nxg6 47. Kg4 Nxf4 48.
Ba6 Ng6 49. e6 Bb4 50. b7 Bd6 51. Bc5 Bb8 52. Kg5 Ne7 53. Bb5 Ng8 54. e7+ 1-0

[Event "Norwegian Championship 2022"]
[Site "Kongsvinger, Norway"]
[Date "2022.07.09"]
[Round "2"]
[White "Østmoe, Geir Sune Tallaksen"]
[Black "Agdestein, Simen"]
[Result "1/2-1/2"]
[Board "2"]
[TimeControl "40/5400+30:1800+30"]
[WhiteTitle "IM"]
[BlackTitle "GM"]
[WhiteFideId "1502778"]
[BlackFideId "1500015"]
[WhiteElo "2483"]
[BlackElo "2559"]

1. d4 e6 2. c4 f5 3. Nf3 Nf6 4. g3 d5 5. Bg2 Bd6 6. O-O O-O 7. Nc3 c6 8. Qc2 Ne4 9. Rb1 a5 10.
a3 Nd7 11. b4 axb4 12. axb4 Nxc3 13. Qxc3 dxc4 14. Qxc4 Nb6 15. Qc2 Nd5 16. Bd2 Qe7 17. b5 Bd7 18. Ne5 Bxe5 19. dxe5 Rfc8 20.
b6 Be8 21. e4 fxe4 22. Bxe4 Bg6 23. Bxg6 hxg6 24. Qxg6 c5 25. Bh6 Qf7 26. Qg4 Rc6 27. Rb3 Kh7 28. Rf3 Qg6 29. Bg5 Rxb6 30.
Rc1 Rb4 31. Qh3+ Kg8 32. Rxc5 Re4 33. Bd2 Rxe5 34. Rc4 Re4 35. Rc1 Re2 36. Bf4 Rf8 37. Qg2 Qe4 38. Rb3 Nxf4 39. Qxe4 Nh3+ 40.
Kg2 Rfxf2+ 41. Kxh3 Rxh2+ 42. Kg4 Rxe4+ 43. Kf3 Ree2 44. Rxb7 Ref2+ 45. Kg4 Rh6 46. Rc5 Rg6+ 47. Rg5 Kh7 48.
Re7 Re2 49. Kh5 Rh2+ 50. Kg4 Re2 51. Kh5 Rxg5+ 52. Kxg5 Re5+ 53. Kf4 Rf5+ 54. Ke4 Rf6 55. Ke5 Rf3 56. Rxe6 Rxg3 57. Kf4 Rg1 58.
Kf3 g6 59. Re5 Kh6 60. Kf2 1/2-1/2

[Event "Norwegian Championship 2022"]
[Site "Kongsvinger, Norway"]
[Date "2022.07.09"]
[Round "2"]
[White "Elsness, Frode"]
[Black "Hauge, Lars Oskar"]
[Result "0-1"]
[Board "3"]
[TimeControl "40/5400+30:1800+30"]
[WhiteTitle "IM"]
[BlackTitle "GM"]
[WhiteFideId "1501100"]
[BlackFideId "1509276"]
[WhiteElo "2464"]
[BlackElo "2526"]

1. e4 e5 2. Nf3 Nc6 3. Bc4 Nf6 4.
d3 Bc5 5. Bg5 h6 6. Bh4 Be7 7. Nc3 d6 8. Bxf6 Bxf6 9. Nd5 g6 10. a4 Bg7 11. h4 Ne7 12. Qd2 Nxd5 13. Bxd5 c6 14.
Bb3 O-O 15. h5 g5 16. Nh2 d5 17. g4 Be6 18. Rg1 Qb6 19. exd5 Bxd5 20. a5 Qc7 21. Nf1 Bxb3 22. cxb3 Rad8 23.
Ra4 Qd7 24. Rg3 f5 25. gxf5 Rxf5 26. Re3 Rf4 27. Rae4 Qf7 28. Qc2 Qxh5 29. a6 Qf7 30. axb7 Qxb7 31. Nd2 Qf7 32. Nc4 Qh5 33.
Qe2 Qxe2+ 34. Kxe2 Rxe4 35. Rxe4 Kf7 36. Nxe5+ Bxe5 37. Rxe5 Re8 38. Re3 Rxe3+ 39. fxe3 c5 40. Kf3 h5 41.
Ke4 h4 0-1

[Event "Norwegian Championship 2022"]
[Site "Kongsvinger, Norway"]
[Date "2022.07.09"]
[Round "2"]
[White "Tallaksen, Levi André"]
[Black "Djurhuus, Rune"]
[Result "0-1"]
[Board "4"]
[TimeControl "40/5400+30:1800+30"]
[WhiteTitle "FM"]
[BlackTitle "GM"]
[WhiteFideId "1505785"]
[BlackFideId "1500082"]
[WhiteElo "2341"]
[BlackElo "2407"]

1. d4 Nf6 2. c4 c5 3. Nf3 cxd4 4. Nxd4 Nc6 5. Nc3 Qa5 6. Nb3 Qc7 7. g3 d6 8. Bf4 Nh5 9. Be3 g6 10.
Bg2 Bg7 11. Rc1 O-O 12. O-O Be6 13. Nd5 Qd7 14. Qd2 Bh3 15. Bh6 Bxg2 16. Kxg2 e6 17. Bxg7 Kxg7 18. Qc3+ Kg8 19. Ne3 f5 20.
Rfd1 Rad8 21. Nd4 Nf6 22. Nb5 d5 23. cxd5 exd5 24. Qb3 Qf7 25. Nd4 f4 26. gxf4 Nh5 27. f5 gxf5 28. Nxc6 bxc6 29.
Rxc6 f4 30. Nxd5 f3+ 31. Kh1 fxe2 32. Rg1+ Kh8 33. Qc3+ Ng7 34. Ne3 Qf3+ 35. Ng2 Rd3 36. Qc5 Rd1 37. Rc8 Rg8 38. Rxg8+ Kxg8 39.
Qc8+ Kf7 40. Qc7+ Kf6 41. Qa5 Ne6 42. Qb4 h5 43. a4 a5 44. Qxa5 h4 45. Qc3+ Qxc3 46. bxc3 Nf4 47. Ne1 h3 48.
a5 Nd3 49. Nf3 Nxf2# 0-1

[Event "Norwegian Championship 2022"]
[Site "Kongsvinger, Norway"]
[Date "2022.07.09"]
[Round "2"]
[White "Urkedal, Frode Olav Olsen"]
[Black " Østenstad, Berge"]
[Result "1/2-1/2"]
[Board "5"]
[TimeControl "40/5400+30:1800+30"]
[WhiteTitle "GM"]
[BlackTitle "GM"]
[WhiteFideId "1506102"]
[BlackFideId "1500058"]
[WhiteElo "2555"]
[BlackElo "2451"]

1. e4 c5 2. Nf3 e6 3. d4 cxd4 4. Nxd4 Nc6 5. Nc3 a6 6. Nxc6 bxc6 7. Bd3 d5 8. O-O Nf6 9. Qf3 Be7 10.
Qg3 O-O 11. Bh6 Ne8 12. Bf4 a5 13. Na4 Ba6 14. Rfd1 Nd6 15. Be5 g6 16. Nc5 Bxd3 17. cxd3 Ne8 18. Rac1 Nf6 19. Na4 Rc8 20.
h3 c5 21. b3 Nd7 22. Bb2 Rc6 23. Ba3 Bd6 24. Qf3 d4 25. Rc2 Qe7 26. Nb2 Rfc8 27. Qe2 Qf6 28. Nc4 Bc7 29. Bc1 e5 30.
Bd2 Ra8 31. Nb2 Nf8 32. Rdc1 Ne6 33. Rc4 h5 34. Ra4 Rca6 35. Rc2 Kg7 36. Nc4 Kg8 37. Bc1 Kg7 38. Qd1 Kg8 39. Nd2 Bd6 40.
Nf3 Kg7 41. h4 Qe7 42. Qd2 Kg8 43. Qh6 Qf8 44. Qd2 Qe7 45. Qe1 Qd8 46. Bd2 Kg7 47. Bc1 Kg8 48. Re2 Kg7 49. g3 Nf8 50.
Qd2 Kg8 51. Qe1 Nd7 52. Bd2 Qb6 53. Qc1 Qb5 54. Qc4 Qb7 55. Ng5 Nb6 56. Qb5 Qa7 57. f4 Nxa4 58. Qxa4 exf4 59. gxf4 Be7 60.
f5 Qc7 61. Rg2 c4 62. bxc4 Rb8 63. Nf3 Rb1+ 64. Kf2 Qc6 65. Qxc6 Rxc6 66. fxg6 Rxg6 67. Rxg6+ fxg6 68. Bxa5 Rb2+ 69.
Kg3 Rxa2 70. Bb6 Ra3 71. Bxd4 Rxd3 72. Kf4 Bxh4 73. Nxh4 Rxd4 74. Nxg6 Rxc4 75. Kg5 Rxe4 76. Kxh5 Kg7 77.
Kg5 Re1 78. Kf5 Ra1 79. Ne5 Ra5 80. Ke6 Rxe5+ 81. Kxe5 1/2-1/2

[Event "Norwegian Championship 2022"]
[Site "Kongsvinger, Norway"]
[Date "2022.07.09"]
[Round "2"]
[White "Kaasen, Tor Fredrik"]
[Black "Sjøberg, Isak"]
[Result "1/2-1/2"]
[Board "6"]
[TimeControl "40/5400+30:1800+30"]
[WhiteTitle "IM"]
[BlackTitle "FM"]
[WhiteFideId "1516647"]
[BlackFideId "1521640"]
[WhiteElo "2433"]
[BlackElo "2308"]

1. d4 Nf6 2. c4 e6 3. Nf3 c5 4. d5 b5 5. dxe6 fxe6 6. cxb5 d5 7. e3 Bd6 8. Be2 Bb7 9. Nbd2 Nbd7 10.
e4 dxe4 11. Nc4 Bc7 12. Nfd2 O-O 13. O-O Nb6 14. Nb3 Bd5 15. Ne3 Qd6 16. g3 Nfd7 17. Qc2 Rac8 18. Nd2 Nf6 19. a4 Ba8 20.
Ndc4 Qe7 21. a5 Nbd5 22. Bd2 Nd7 23. Bg4 Rb8 24. b6 axb6 25. axb6 N7xb6 26. Ra7 Qf6 27. Qxe4 Rbe8 28. Nxb6 Nxb6 29.
Qc2 Be5 30. Ra6 Nd5 31. Nxd5 Bxd5 32. Be3 Bxb2 33. Qxc5 Rc8 34. Qb6 Rc6 35. Qa7 Rxa6 36. Qxa6 Qg6 37. Qa4 Bf6 38. Bh3 Qh5 39. Qg4 Qxg4 40. Bxg4 Ra8 41. Rc1 Kf7 42. h4 Be5 43. Bh3 Ra3 44. Bc5 Ra5 45. Bg2 Kf6 46. Be3 h6 47. Rc5 Rxc5 48.
Bxc5 Bxg2 49. Kxg2 h5 50. Kf3 Kf5 51. Be7 Bd4 52. Bg5 e5 53. Bd2 Bc5 54. Bg5 1/2-1/2

[Event "Norwegian Championship 2022"]
[Site "Kongsvinger, Norway"]
[Date "2022.07.09"]
[Round "2"]
[White "Stanford, Maxim Barth"]
[Black "Vestby-Ellingsen, Mads"]
[Result "0-1"]
[Board "7"]
[TimeControl "40/5400+30:1800+30"]
[WhiteTitle "IM"]
[BlackTitle "IM"]
[WhiteFideId "408280"]
[BlackFideId "1520857"]
[WhiteElo "2308"]
[BlackElo "2351"]

1. c4 Nf6 2. Nf3 e6 3. g3 d5 4. Bg2 Be7 5. O-O O-O 6. d4 dxc4 7. Qc2 a6 8. Qxc4 b5 9. Qc2 Bb7 10.
Bg5 Nbd7 11. Bxf6 Nxf6 12. Nbd2 Rc8 13. Nb3 c5 14. dxc5 Ne4 15. Rad1 Qc7 16. c6 Qxc6 17. Qxc6 Bxc6 18.
Ne5 Bd5 19. Nd7 Rfe8 20. Nb6 Rc2 21. Nxd5 exd5 22. Rxd5 Bf8 23. Rc1 Rxb2 24. Bxe4 Rxe4 25. Rc8 g6 26. Rdd8 Kg7 27. Rxf8 Rexe2 28. Rg8+ Kh6 29. Nc1 Rxf2 30. Nd3 Rg2+ 31. Kf1 Rxa2 32. Ne5 Raf2+ 33. Ke1 Re2+ 34. Kf1 Rgf2+ 35. Kg1 Rf5 36. Nd3 Rd5 37. Rgd8 Rxd8 38. Rxd8 Rd2 39.
Rd5 f5 40. h3 a5 41. Nf4 Rxd5 42. Nxd5 a4 43. Kf2 a3 44. Nb4 Kg5 45. Ke3 f4+ 46. gxf4+ Kh4 47. Kd4 Kxh3 48. Kc3 Kg4 49.
Nd3 h5 50. Kb3 h4 51. Ne5+ Kf5 52. Kxa3 h3 53. Nd3 h2 54. Nf2 Kxf4 0-1

[Event "Norwegian Championship 2022"]
[Site "Kongsvinger, Norway"]
[Date "2022.07.10"]
[Round "3"]
[White "Agdestein, Simen"]
[Black "Hammer, Jon Ludvig"]
[Result "1-0"]
[Board "1"]
[TimeControl "40/5400+30:1800+30"]
[WhiteTitle "GM"]
[BlackTitle "GM"]
[WhiteFideId "1500015"]
[BlackFideId "1503707"]
[WhiteElo "2559"]
[BlackElo "2638"]

1. c4 e5 2. Nc3 Nf6 3. Nf3 Nc6 4. g3 Bb4 5. Bg2 Bxc3 6. bxc3 O-O 7. O-O e4 8. Ng5 Re8 9. f3 exf3 10.
Nxf3 Qe7 11. e3 Ne5 12. Nxe5 Qxe5 13. Rb1 c6 14. Rf4 d6 15. Qf1 Qe7 16. a4 Ng4 17. a5 a6 18. h3 Nh6 19.
e4 Qg5 20. Rf3 Qxa5 21. d4 f5 22. Bxh6 fxe4 23. Rf7 gxh6 24. Bxe4 Qg5 25. Kh2 h5 26. h4 Qh6 27. Bxh7+ Kh8 28.
Bd3 Kg8 29. Bh7+ Kh8 30. Bd3 Kg8 31. Rf6 Qd2+ 32. Kh1 1-0

[Event "Norwegian Championship 2022"]
[Site "Kongsvinger, Norway"]
[Date "2022.07.10"]
[Round "3"]
[White "Hauge, Lars Oskar"]
[Black "Østmoe, Geir Sune Tallaksen"]
[Result "1/2-1/2"]
[Board "2"]
[TimeControl "40/5400+30:1800+30"]
[WhiteTitle "GM"]
[BlackTitle "IM"]
[WhiteFideId "1509276"]
[BlackFideId "1502778"]
[WhiteElo "2526"]
[BlackElo "2483"]

1. e4 c6 2. Nf3 d5 3. Nc3 Bg4 4.
h3 Bxf3 5. Qxf3 e6 6. Be2 Nf6 7. O-O dxe4 8. Nxe4 Nxe4 9. Qxe4 Nd7 10. d4 Nf6 11. Qe3 Bd6 12. g3 O-O 13. Qf3 Qe7 14.
Re1 Rad8 15. Bf1 Rfe8 16. c3 Nd5 17. Bd3 Qf8 18. Bd2 g6 19. Rad1 e5 20. dxe5 Bxe5 21. Bc4 Nb6 22. Bb3 Bg7 23.
Be3 Rxd1 24. Rxd1 Re5 25. Rd3 Qe7 26. Qd1 h5 27. Rd8+ Kh7 28. Qd6 Rxe3 29. fxe3 Qxe3+ 30. Kf1 Nd5 31.
Bxd5 Qd3+ 32. Kg2 Qe2+ 33. Kg1 Qe1+ 34. Kg2 Qe2+ 1/2-1/2

[Event "Norwegian Championship 2022"]
[Site "Kongsvinger, Norway"]
[Date "2022.07.10"]
[Round "3"]
[White "Djurhuus, Rune"]
[Black "Elsness, Frode"]
[Result "0-1"]
[Board "3"]
[TimeControl "40/5400+30:1800+30"]
[WhiteTitle "GM"]
[BlackTitle "IM"]
[WhiteFideId "1500082"]
[BlackFideId "1501100"]
[WhiteElo "2407"]
[BlackElo "2464"]

1. Nf3 d5 2. g3 c5 3. c4 dxc4 4.
Na3 Nc6 5. Nxc4 f6 6. Bg2 e5 7. d3 Be6 8. O-O Nge7 9. b3 Qd7 10. Bb2 Rd8 11. a3 Nd5 12. e3 Be7 13. d4 cxd4 14.
exd4 e4 15. Nfd2 f5 16. Qe2 O-O 17. Rad1 Nc7 18. Rfe1 Bf6 19. d5 Nxd5 20. Bxf6 Rxf6 21. Nb1 Qc7 22. f3 exf3 23. Qxf3 Bf7 24.
Rd3 Nb6 25. Rxd8+ Qxd8 26. Rd1 Qc7 27. Qd3 Bxc4 28. bxc4 Ne5 29. Qd8+ Qxd8 30. Rxd8+ Rf8 31. Rxf8+ Kxf8 32. c5 Nbd7 33.
Bxb7 Nxc5 34. Bd5 Ke7 35. Nc3 h6 36. h3 Kd6 37. Bg8 Nc6 38. Kf2 Ke5 39. Ke3 Nd4 40. a4 Ne4 41. Nxe4 fxe4 42.
Bc4 Nf5+ 43. Kf2 a5 44. Bb5 Kd4 45. Ba6 Ne3 0-1

[Event "Norwegian Championship 2022"]
[Site "Kongsvinger, Norway"]
[Date "2022.07.10"]
[Round "3"]
[White "Abdrlauf, Elham"]
[Black "Urkedal, Frode Olav Olsen"]
[Result "1/2-1/2"]
[Board "4"]
[TimeControl "40/5400+30:1800+30"]
[WhiteTitle "FM"]
[BlackTitle "GM"]
[WhiteFideId "1533533"]
[BlackFideId "1506102"]
[WhiteElo "2466"]
[BlackElo "2555"]

1. Nf3 d5 2. g3 g6 3. Bg2 Bg7 4. O-O e5 5. d3 Nc6 6. c4 dxc4 7. dxc4 Qxd1 8. Rxd1 e4 9. Ng5 f5 10.
Nc3 Bxc3 11. bxc3 h6 12. Nh3 g5 13. f3 Nf6 14. Nf2 Bd7 15. fxe4 Nxe4 16. Nxe4 fxe4 17. Be3 O-O-O 18. Bd4 Nxd4 19.
Rxd4 Bc6 20. Rf1 Rde8 21. Rf6 Kb8 22. Bh3 a6 23. Be6 Ref8 24. Rxf8+ Rxf8 25. Bd5 Bxd5 26. cxd5 e3 27. Re4 Rd8 28.
c4 b5 29. cxb5 axb5 30. Re5 Kb7 31. Kg2 Ra8 32. d6 cxd6 33. Rxb5+ Kc6 34. Rb3 Rxa2 35. Kf3 h5 36. Rb8 Ra5 37.
h3 Rf5+ 38. Kxe3 Re5+ 1/2-1/2

[Event "Norwegian Championship 2022"]
[Site "Kongsvinger, Norway"]
[Date "2022.07.10"]
[Round "3"]
[White "Vestby-Ellingsen, Mads"]
[Black "Kaasen, Tor Fredrik"]
[Result "0-1"]
[Board "5"]
[TimeControl "40/5400+30:1800+30"]
[WhiteTitle "IM"]
[BlackTitle "IM"]
[WhiteFideId "1520857"]
[BlackFideId "1516647"]
[WhiteElo "2351"]
[BlackElo "2433"]

1. d4 Nf6 2. Nc3 d5 3. Bf4 a6 4. e3 b5 5. h4 e6 6. g4 Bd6 7. Qf3 Bb7 8. g5 Nfd7 9. Qg3 Bxf4 10.
Qxf4 b4 11. Nce2 c5 12. O-O-O Nc6 13. Nf3 c4 14. h5 Qa5 15. Kb1 c3 16. Bg2 O-O 17. g6 h6 18. Qd6 Nb6 19. gxf7+ Rxf7 20.
Qxe6 Nc4 21. Nc1 Na3+ 22. bxa3 Qxa3 23. Nd3 b3 24. cxb3 Nb4 25. Rd2 Bc8 26. Qxf7+ Kxf7 27. Nfe5+ Ke8 28.
Nxb4 cxd2 29. Bxd5 Bf5+ 30. Nbd3 Rc8 31. e4 Qa5 32. Nc4 Qc3 33. Ndb2 Rxc4 34. bxc4 Bg4 35. Rf1 Be2 36. Rg1 Bd3+ 37.
Nxd3 Qxd3+ 0-1

[Event "Norwegian Championship 2022"]
[Site "Kongsvinger, Norway"]
[Date "2022.07.10"]
[Round "3"]
[White " Østenstad, Berge"]
[Black "Tallaksen, Levi André"]
[Result "1/2-1/2"]
[Board "6"]
[TimeControl "40/5400+30:1800+30"]
[WhiteTitle "GM"]
[BlackTitle "FM"]
[WhiteFideId "1500058"]
[BlackFideId "1505785"]
[WhiteElo "2451"]
[BlackElo "2341"]

1. Nf3 Nf6 2. c4 e6 3. Nc3 d5 4. d4 c6 5. e3 Nbd7 6. Be2 Bd6 7. O-O O-O 8. b3 dxc4 9. bxc4 e5 10.
a4 Re8 11. Ba3 exd4 12. exd4 Nf8 13. h3 Ng6 14. Re1 Bf5 15. Qb3 Bxa3 16. Qxa3 Qa5 17. Bf1 Rad8 18. Rad1 Ne4 19. Nxe4 Bxe4 20.
Re3 Re6 21. Qb3 Bxf3 22. Rxf3 b6 23. g3 h6 24. Rfd3 Qf5 25. Bg2 Re2 26. Bf3 Re7 27. Bxc6 Qxh3 28. Re3 h5 29. Rde1 Rxe3 30.
Qxe3 h4 31. Bd5 Qd7 32. Qg5 hxg3 33. fxg3 Qd6 34. Kg2 Kf8 35. Qf5 Qf6 36. Qe4 Qe7 37. Qf3 Qf6 38. Qe4 Qe7 39. Qf3 Qf6 40.
Qa3+ Qd6 41. Qxd6+ Rxd6 42. Rf1 f6 43. Be4 Kf7 44. Rd1 Ne7 45. d5 f5 46. Bf3 Kf6 47. Re1 Ng6 48. Re8 Ne5 49.
Be2 a5 50. Kf2 Nd7 51. Bd3 Nc5 52. Bc2 Kf7 53. Rc8 g6 54. Ke3 Kf6 55. Kf4 Nd7 56. Rd8 Ke7 57. Rh8 Kf6 58. Rd8 Ke7 59.
Rh8 1/2-1/2

[Event "Norwegian Championship 2022"]
[Site "Kongsvinger, Norway"]
[Date "2022.07.10"]
[Round "3"]
[White "Sjøberg, Isak"]
[Black "Stanford, Maxim Barth"]
[Result "1/2-1/2"]
[Board "7"]
[TimeControl "40/5400+30:1800+30"]
[WhiteTitle "FM"]
[BlackTitle "IM"]
[WhiteFideId "1521640"]
[BlackFideId "408280"]
[WhiteElo "2308"]
[BlackElo "2308"]

1. e4 c5 2. Nf3 g6 3. c3 d5 4.
e5 Nc6 5. d4 cxd4 6. cxd4 Bg4 7. Bb5 Qb6 8. Nc3 e6 9. Be3 Nge7 10. O-O Bg7 11. h3 Bxf3 12. Qxf3 O-O 13. Rfd1 Rac8 14.
Bxc6 Rxc6 15. Na4 Qc7 16. Bg5 b5 17. Nc5 a5 18. Rac1 Nf5 19. Qd3 Rc8 20. Nb3 Rc4 21. g4 Ne7 22.
Qe3 Nc6 23. Nd2 Rxc1 24. Rxc1 Qb6 25. Nb3 a4 26. Nc5 Qa7 27. Kg2 Bf8 28. Bh6 Be7 29. Bg5 Bf8 30. Bh6 Be7 31. h4 Rc7 32.
Bg5 Bf8 33. Bh6 Be7 34. Bg5 Bf8 35. Bh6 Be7 1/2-1/2